[Event "*** SCC Grand Prix: Titled Tuesday Blitz"]
[Site "Chess.com"]
[Date "2020.09.08"]
[Round "7"]
[White "Shield12"]
[Black "Bigfish1995"]
[Result "0-1"]
[WhiteElo "2839"]
[BlackElo "3018"]
[TimeControl "180+1"]
[EndTime "11:20:10 PDT"]
[Termination "Bigfish1995 won by resignation"]

1. e4 c5 2. Nf3 d6 3. Bb5+ Nd7 4. Ba4 Nf6 5. O-O g6 6. Re1 Bg7 7. c3 a6 8. d4 b5 9. Bc2 e5 10.
dxe5 dxe5 11. Qd6 Bb7 12. a4 Qb8 13. Qxb8+ Rxb8 14. axb5 axb5 15. Nbd2 Ke7 16. Nb3 Ra8 17. Ra5 c4 18. Rxa8 Rxa8 19. Nbd2 Ne8 20. b3 Nd6 21. bxc4 bxc4 22. Bb2 Nc5 23. h3 Ra2 24. Rb1 Ncxe4 25. Nxe4 Bxe4 26. Ne1 Bh6 27. Bxe4 Nxe4 28. Nc2 Bd2 29. Nb4 Ra4 30. f3 Nf6 31. Kf2 Ke6 32. Rd1 Bh6 33. Rd8 Nh5 34. Rc8 Nf4 35. Rc6+ Ke7 36.
Bc1 Nxh3+ 37. gxh3 Bxc1 38. Rxc4 Ra3 39. Nd3 Bd2 40. Nxe5 Bxc3 41. Re4 f5 42. Re2 Bd4+ 43. Kg2 Kf6 44. Nd7+ Kg5 45. Nf8 Be3 46. Nxh7+ Kf4 47.
Nf6 Rd3 48. h4 Bb6 49. h5 Bd8 50. Ng8 gxh5 51. Ne7 Bxe7 52. Rxe7 Rxf3 53. Rh7 Rg3+ 54. Kf2 Rg5 55. Rh8 Kg4 56. Kg2 f4 57. Ra8 h4 58.
Ra3 Re5 59. Ra8 Re2+ 60. Kf1 Rb2 61. Ra3 h3 62. Ra8 h2 63. Rg8+ Kf3 0-1

[Event "*** SCC Grand Prix: Titled Tuesday Blitz"]
[Site "Chess.com"]
[Date "2020.09.08"]
[Round "7"]
[White "VladaSviridova"]
[Black "Morshynska"]
[Result "1/2-1/2"]
[WhiteElo "2278"]
[BlackElo "2169"]
[TimeControl "180+1"]
[EndTime "11:20:17 PDT"]
[Termination "Game drawn - insufficient material"]

1. d4 d5 2. c4 c6 3. Nf3 Nf6 4. Nc3 dxc4 5. a4 Bf5 6. Ne5 e6 7. Nxc4 Bb4 8. e3 O-O 9. Qb3 a5 10. Be2 Na6 11. O-O c5 12. Nb5 Qe7 13. Bd2 cxd4 14. exd4 Bxd2 15. Nxd2 Qb4 16. Qxb4 Nxb4 17. Rac1 Rac8 18. Nd6 Rxc1 19. Rxc1 Bc2 20. Nxb7 Bxa4 21. Nxa5 Bc2 22. Bd1 Bd3 23. b3 h5 24. Rc3 Rd8 25. Nf3 Ne4 26. Rc7 f6 27. Nc6 Nxc6 28. Rxc6 e5 29.
h3 exd4 30. b4 Bb5 31. Rc7 d3 32. Rb7 Bc4 33. Rc7 Bf7 34. b5 d2 35. b6 Nd6 36. b7 Rb8 37. Nxd2 Rxb7 38. Rxb7 Nxb7 39.
Bf3 Nc5 40. Ne4 Nd3 41. Kf1 Ne5 42. Ke2 h4 43. Ke3 Be6 44. Be2 Kf7 45. Nc5 Bc8 46. f4 Nc6 47. Ke4 Ke7 48. Bc4 g6 49.
Nd3 Na5 50. Bd5 Ba6 51. Nb4 Bf1 52. Kf3 f5 53. Nc6+ Kf6 54. Nxa5 Bd3 55. Bc4 Bc2 56.
Ke3 Be4 57. Kf2 Ba8 58. g3 g5 59. g4 fxg4 60. fxg5+ Kxg5 61. hxg4 Kxg4 62. Kg1 Kg3 63.
Be6 Bf3 64. Bd7 Be2 65. Be6 Bf3 66. Bd7 Bd5 67. Bc8 Kf4 68. Bd7 Kg5 69. Bc8 Kf4 70. Kh2 Ke5 71. Bd7 Be6 72. Bxe6 Kxe6 73. Kh3 Kd5 74. Kxh4 1/2-1/2

[Event "*** SCC Grand Prix: Titled Tuesday Blitz"]
[Site "Chess.com"]
[Date "2020.09.08"]
[Round "7"]
[White "Funo09"]
[Black "Evgeny81"]
[Result "1-0"]
[WhiteElo "2853"]
[BlackElo "2672"]
[TimeControl "180+1"]
[EndTime "11:20:22 PDT"]
[Termination "Funo09 won by resignation"]

1. e4 e5 2. Nf3 Nc6 3. Bb5 a6 4. Ba4 Nf6 5. O-O Be7 6. Re1 b5 7. Bb3 d6 8. c3 Na5 9. d4 Nxb3 10. axb3 Bg4 11. h3 Bh5 12. dxe5 Bxf3 13. Qxf3 dxe5 14. Rd1 Qc8 15. Bg5 O-O 16. Nd2 Qe6 17. b4 Rfd8 18.
Nf1 Rxd1 19. Rxd1 Rd8 20. Ne3 Rxd1+ 21. Qxd1 Nxe4 22. Bxe7 Qxe7 23. Qd5 Nd6 24. Qa8+ Qe8 25. Qxa6 h6 26. Qa7 Qc6 27. Qc5 Qxc5 28. bxc5 Ne4 29.
Nd5 Nxc5 30. Nxc7 Na4 31. Nxb5 Nxb2 32. Kf1 Kf8 33. Nd6 Ke7 34. Nf5+ Kf6 35. Ne3 Ke6 36. Ke2 f5 37. Kd2 f4 38. Nc2 Kd5 39. Nb4+ Kc4 40.
f3 Na4 41. Nc6 Kd5 42. Ne7+ Ke6 43. Nc6 Kd5 44. Na5 Nc5 45. c4+ Kd4 46. Nc6+ Kxc4 47. Nxe5+ Kd4 48. Ng6 Ne6 49. h4 Kc4 50. Ke2 Kd4 51.
Kf2 Kd3 52. h5 Kd4 53. Kg1 Ke3 54. Ne7 Kd4 55. Ng6 Ke3 56. Kh2 Kf2 57. Ne7 Ng5 58. Nf5 Ne6 59. Kh3 Kg1 60. Nh4 Kf2 61. Kg4 Kg1 62.
Kf5 Nd4+ 63. Kxf4 Kh2 64. g4 Ne2+ 65. Ke3 Nc3 66. Nf5 Nd5+ 67. Ke4 Nf6+ 68. Ke5 Ne8 69. Ke6 Kg2 70. Kf7 Kxf3 71. Kxe8 Kxg4 72. Nxg7 Kg5 73. Kf7 Kh4 74. Kg6 1-0

[Event "*** SCC Grand Prix: Titled Tuesday Blitz"]
[Site "Chess.com"]
[Date "2020.09.08"]
[Round "7"]
[White "QuintilianoR"]
[Black "wonderfultime"]
[Result "0-1"]
[WhiteElo "2612"]
[BlackElo "2921"]
[TimeControl "180+1"]
[EndTime "11:20:38 PDT"]
[Termination "wonderfultime won on time"]

1. d4 d5 2. c4 c6 3. Nc3 Nf6 4. cxd5 cxd5 5. Bf4 Nc6 6. e3 a6 7. Bd3 Bg4 8. Nge2 e6 9. O-O Bd6 10. f3 Bh5 11. Rc1 O-O 12. Na4 e5 13. dxe5 Nxe5 14. Bb1 Re8 15. b3 Bg6 16. Nc5 Qe7 17. Bxg6 Bxc5 18.
Bb1 Ng6 19. Bxg6 Bxe3+ 20. Bxe3 Qxe3+ 21. Rf2 hxg6 22. Rc3 Qb6 23. Qd4 Qd6 24. Nf4 Re1+ 25. Rf1 Rxf1+ 26. Kxf1 g5 27. Nh3 Qxh2 28. Nxg5 Qh1+ 29.
Kf2 Re8 30. Re3 Rc8 31. Re2 Qh6 32. Nh3 Qc1 33. Nf4 Rd8 34. Rd2 Qh1 35. Nh3 Re8 36.
Rd1 Qh2 37. Qf4 Qxf4 38. Nxf4 Rd8 39. Rc1 Rd7 40. Rc8+ Kh7 41. Ke3 g5 42. Nd3 Re7+ 43.
Kd2 Kg7 44. Nb4 Kg6 45. Nc2 Kf5 46. Nd4+ Kf4 47. Kd3 Re3+ 48. Kd2 Re7 49. Ne2+ Ke5 50.
g4 Kd6 51. Rc3 Nd7 52. Rd3 Ne5 53. Re3 Nc6 54. Ng3 Rxe3 55. Kxe3 Ke5 56. Nf5 d4+ 57. Kd3 Nb4+ 58. Kc4 Nxa2 59. Nxd4 b5+ 60. Kd3 Nb4+ 61. Ke3 Nd5+ 62. Kd3 Kf4 63. Nf5 Kxf3 64. Nh6 f6 65. Kd4 Ne7 66. Kc5 Ke4 67. Kb6 b4 68. Kxa6 Kd4 69. Kb5 Kc3 70. Ka4 Nc8 71. Ng8 Nb6+ 72.
Kb5 Nd7 73. Ka4 Nc5+ 74. Kb5 Nxb3 75. Nxf6 Nd4+ 76. Ka4 b3 77. Ne4+ Kc2 78. Nxg5 b2 79. Ne6 Nxe6 0-1

[Event "*** SCC Grand Prix: Titled Tuesday Blitz"]
[Site "Chess.com"]
[Date "2020.09.08"]
[Round "7"]
[White "omer1997"]
[Black "AlexTriapishko"]
[Result "0-1"]
[WhiteElo "2417"]
[BlackElo "2748"]
[TimeControl "180+1"]
[EndTime "11:20:39 PDT"]
[Termination "AlexTriapishko won by checkmate"]

1. e4 c6 2. d4 d5 3. e5 Bf5 4. h4 h5 5. c4 e6 6. Nc3 Be7 7. Nf3 Nh6 8. Be2 Bg4 9. Qb3 Qb6 10. c5 Qxb3 11. axb3 Bxf3 12. Bxf3 Nf5 13. Be3 Nxh4 14. Ke2 Nxf3 15. Kxf3 Na6 16. g4 hxg4+ 17. Kxg4 Kd7 18. f4 g6 19. Bf2 Rag8 20. Be3 Kc7 21. Bf2 Kb8 22.
Rag1 Nc7 23. b4 a6 24. Be3 Kc8 25. Bf2 Ne8 26. Nd1 f5+ 27. Kf3 Rxh1 28. Rxh1 g5 29. Rh7 Rg7 30. Rh8 Kd7 31. Ne3 gxf4 32. Ng2 Bg5 33. Nxf4 Bxf4 34. Kxf4 Ke7 35. Bh4+ Kf7 36. Bg5 Nc7 37. Rb8 Kg6 38. Rxb7 Nb5 39. Rb8 Nxd4 40.
Bf6 Rh7 41. Rg8+ Kf7 42. Rc8 Rh1 43. Rc7+ Kf8 44. Be7+ Kf7 45. Bd6+ Kg6 46. Rc8 Rh4+ 47. Ke3 Re4+ 48. Kd2 f4 49. Rg8+ Kh6 50. Bf8+ Kh5 51. Be7 f3 52. Rg5+ Kh4 53. Rg8+ Kh3 54. Rf8 Kg2 55.
Rg8+ Kf1 56. Bg5 f2 57. Be3 Nf3+ 58. Kd3 Ne1+ 59. Kd2 Ng2 60. Bxf2 Kxf2 61. Rg6 Nf4 62. Rg8 Kf3 63. Rc8 Re2+ 64. Kc3 Re3+ 65. Kc2 Rxe5 66.
Rxc6 d4 67. Rxa6 d3+ 68. Kc3 Rd5 69. Kd2 Rh5 70. Rd6 Rh2+ 71. Kc3 Rc2+ 72. Kb3 Nd5 73.
c6 Rc1 74. c7 d2 75. Rxd5 exd5 76. b5 d1=Q+ 77. Kb4 Rxc7 78. Ka5 Rc4 79. Kb6 Qd4+ 80. Kb7 Rb4 81. b6 Qxb6+ 82. Ka8 Qb7# 0-1

[Event "*** SCC Grand Prix: Titled Tuesday Blitz"]
[Site "Chess.com"]
[Date "2020.09.08"]
[Round "7"]
[White "WIDBIFS"]
[Black "Sanyura"]
[Result "0-1"]
[WhiteElo "2698"]
[BlackElo "2563"]
[TimeControl "180+1"]
[EndTime "11:20:44 PDT"]
[Termination "Sanyura won by resignation"]

1. d4 Nf6 2. Nf3 g6 3. g3 Bg7 4. Bg2 O-O 5. O-O d6 6. c4 Nbd7 7. Nc3 e5 8. e4 exd4 9. Nxd4 Nc5 10. h3 Re8 11. Re1 Bd7 12. Rb1 a5 13. b3 Qc8 14. g4 h5 15. f3 Nh7 16. Be3 Qd8 17. Qd2 hxg4 18. hxg4 Be5 19. Bf2 c6 20. Rbd1 Qf6 21.
Nce2 Ng5 22. f4 Ngxe4 23. Qe3 Nxf2 24. Qxf2 Bxd4 25. Qxd4 Qxd4+ 26. Nxd4 Bxg4 27. Rxe8+ Rxe8 28. Rd2 Re1+ 29. Kf2 Ra1 30. Kg3 Bc8 31. Ne2 Bf5 32. Nc3 Rc1 33. Ne2 Rc2 34. Rxc2 Bxc2 35. Nc3 f5 36. Kf2 Kf7 37. Ke3 Ke6 38. Kd2 Be4 39. Bf1 Kf6 40. Ke3 g5 41. fxg5+ Kxg5 42. Ne2 Bb1 43.
Nc3 f4+ 44. Kf2 Bd3 45. Bg2 Bf5 46. Bf3 Nd3+ 47. Ke2 Ne5 48. Be4 Bg4+ 49. Kf2 f3 50. Kg3 Bh5 51. Nd1 Kf6 52. Ne3 Ke6 53. Bf5+ Kf6 54.
Be4 Ke7 55. Bf5 Kf6 56. Bc8 b6 57. Bh3 Nd3 58. Bf1 Nb4 59. a3 Na2 60. Bd3 Nc1 61. Be4 Ne2+ 62. Kf2 Nd4 63. Bxf3 Bxf3 64. b4 Be4 65.
bxa5 bxa5 66. Nd1 Ke5 67. Nc3 Nf5 68. Ke2 Bd3+ 69. Kxd3 Nd4 70. Nd1 Nb3 71. Kc3 Nc5 72. Ne3 Ke4 73. Nc2 Kf3 74. Kd4 Ke2 75. a4 Kd2 76. Na1 Kc1 0-1

[Event "*** SCC Grand Prix: Titled Tuesday Blitz"]
[Site "Chess.com"]
[Date "2020.09.08"]
[Round "7"]
[White "RobertoJBM"]
[Black "swimmerchess"]
[Result "0-1"]
[WhiteElo "2680"]
[BlackElo "2857"]
[TimeControl "180+1"]
[EndTime "11:20:47 PDT"]
[Termination "swimmerchess won on time"]

1. d4 Nf6 2. c4 g6 3. Nc3 Bg7 4. e4 d6 5. Nf3 O-O 6. Be2 e5 7.
O-O Nc6 8. d5 Ne7 9. b4 Nh5 10.
Re1 f5 11. Ng5 Nf6 12. Bf3 Rb8 13. Qb3 Kh8 14. Bb2 h6 15. Ne6 Bxe6 16. dxe6 Qc8 17. Nd5 Qxe6 18. Nxc7 Qf7 19. Nb5 Nxe4 20. Bxe4 fxe4 21.
Re2 Nf5 22. Rd1 e3 23. fxe3 a6 24. Na3 Rbc8 25. Rf1 Qe6 26. Ref2 Kh7 27. e4 Nh4 28. Rxf8 Rxf8 29. Rxf8 Bxf8 30. Qg3 Be7 31. h3 Bg5 32. Qf2 Bf4 33. Kf1 g5 34. Bc3 Ng6 35. Be1 b5 36. Qe2 bxc4 37. Qxc4 Qf6 38. Ke2 Bh2 39. g3 Bg1 40.
Qd3 Bd4 41. Nc2 Bg1 42. a3 Qe6 43. Qf3 Bb6 44. Bf2 Bxf2 45. Kxf2 Kg7 46. Kg2 Qa2 47. Qe2 Ne7 48. Kf2 Nc6 49. Ne3 Qxa3 50. Nf5+ Kg6 51. Qc4 Qb2+ 52. Ke3 Qa3+ 53. Kf2 Qb2+ 54. Ke3 Qa3+ 55.
Ke2 Qb2+ 56. Kf3 Qa3+ 57. Kg2 Qb2+ 58. Kf1 Qa1+ 59. Ke2 Qb2+ 60. Kd1 Qb1+ 61. Kd2 Qxb4+ 62. Qxb4 Nxb4 63. Nxd6 Nc6 64. Kc3 a5 65. Kc4 Nd4 66. Nb7 a4 67. Kb4 Ne2 68. g4 Nf4 69. Kxa4 Nxh3 70.
Nd6 Nf2 71. Kb5 Nxg4 72. Kc5 h5 73. Kd5 h4 74. Nf5 h3 75. Ng3 h2 76. Nh1 Kh5 77. Ke6 Kh4 78. Kf5 Kh3 79. Kxg5 Kg2 80.
Kxg4 Kxh1 81. Kf3 Kg1 82. Kg4 h1=Q 0-1

[Event "*** SCC Grand Prix: Titled Tuesday Blitz"]
[Site "Chess.com"]
[Date "2020.09.08"]
[Round "7"]
[White "PotapovaM"]
[Black "Keures"]
[Result "0-1"]
[WhiteElo "2498"]
[BlackElo "2373"]
[TimeControl "180+1"]
[EndTime "11:20:47 PDT"]
[Termination "Keures won by resignation"]

1. d4 Nf6 2. c4 e6 3. Nf3 d5 4.
Nc3 c6 5. Bg5 Be7 6. e3 O-O 7.
Bd3 Nbd7 8. O-O Re8 9. Rc1 Nf8 10. Ne5 Ng6 11. f4 Nd7 12. Bxe7 Qxe7 13. Qh5 Ngf8 14. Rf3 f6 15. Rh3 f5 16. g4 Nf6 17. Qh4 g6 18. g5 Ne4 19. Bxe4 fxe4 20. Ng4 Nd7 21. a3 a5 22. Rf1 Rf8 23. Kh1 Qg7 24. Rg3 b6 25.
Rgg1 Ba6 26. Rf2 Bxc4 27. Ne5 Nxe5 28. dxe5 b5 29. Nb1 b4 30. Qg4 Qf7 31. h4 Qf5 32. Qg3 Bd3 33. Nd2 c5 34. Nb3 Rfc8 35. Rh2 a4 36.
Nd2 bxa3 37. bxa3 c4 38. h5 c3 39. hxg6 Qxg6 40. Rh6 Qg7 41. Qh3 c2 42. Rc1 Rc6 43.
Qg2 Rb8 44. Qg1 Rf8 45. Kg2 Kh8 46. Rh1 Rfc8 47. Qh2 R6c7 48. Kf2 Qd7 49. g6 Qg7 50. gxh7 Qg6 51. Qh3 Rg7 52. Rh2 Rcc7 53. Rhh1 Rxh7 54.
Qg2 Qxg2+ 55. Kxg2 Rxh1 56. Kxh1 Rb7 57. Kg2 Rb3 58.
Kf2 Rxa3 59. f5 exf5 60. Kg3 Rb3 61. Kf4 a3 62. e6 Rb7 63. Ke5 a2 64. Kd6 Rb1 65. e7 Bb5 66. Rxc2 a1=Q 67. Rc8+ Kg7 68. Rc7 Qf6+ 69. Kc5 Rc1+ 70. Nc4 Rxc4+ 71. Kxb5 Rxc7 72. e8=Q Qf7 73. Qe5+ Kf8 74. Qg3 Qd7+ 75. Kb4 Ke7 76. Qh4+ Ke6 77. Qh6+ Ke7 78. Qg7+ Ke8 79. Qg8+ Ke7 80.
Qg7+ Ke6 81. Qg6+ Ke5 82. Qg7+ Qxg7 0-1

[Event "*** SCC Grand Prix: Titled Tuesday Blitz"]
[Site "Chess.com"]
[Date "2020.09.08"]
[Round "7"]
[White "AldokhinIvan"]
[Black "Harsha_Bharathakoti"]
[Result "0-1"]
[WhiteElo "2570"]
[BlackElo "2801"]
[TimeControl "180+1"]
[EndTime "11:20:50 PDT"]
[Termination "Harsha_Bharathakoti won by resignation"]

1. e4 c6 2. Nc3 d5 3. Nf3 Bg4 4. Be2 e6 5. O-O Nf6 6. d3 Be7 7. Bf4 O-O 8. Ne5 Bxe2 9. Qxe2 Nbd7 10. Nxd7 Nxd7 11. Rae1 Re8 12. Kh1 Qb6 13. Bc1 Bb4 14.
Bd2 Bf8 15. b3 Bb4 16. Nd1 dxe4 17. dxe4 Rad8 18. c3 Be7 19. Ne3 Nc5 20. Nc4 Qa6 21. Bc1 Rd3 22. Ne5 Rdd8 23. Qxa6 Nxa6 24. Rd1 f6 25.
Nc4 Nc5 26. f3 b5 27. Na5 Rc8 28. Be3 e5 29. Rd2 Red8 30. Rfd1 Rxd2 31. Rxd2 Kf8 32.
g3 Ke8 33. Kg2 a6 34. Kf2 Ne6 35. Ke2 Bd8 36. Nb7 Be7 37. b4 Rc7 38. Nd6+ Bxd6 39. Rxd6 Ke7 40. Rd2 c5 41. a3 cxb4 42. cxb4 Rc3 43.
Rd3 Rc2+ 44. Rd2 Rc3 45. Rd3 Rc4 46. Bb6 h5 47. Ke3 g5 48. h4 g4 49. f4 exf4+ 50. gxf4 Rc2 51. f5 Ng7 52. Bc5+ Ke8 53. Rd6 Rc3+ 54. Kf2 Kf7 55. Rd7+ Kg8 56. Be7 Ne8 57. Rd8 Kf7 58. Rd7 Rc7 59. Rxc7 Nxc7 60. Bd6 Ne8 61.
Bb8 Ke7 62. Kg3 Nd6 63. Kf4 Nc4 64. Bc7 Kd7 65. Bb8 Nxa3 66. e5 fxe5+ 67. Kxe5 Ke7 68.
Bd6+ Kf7 69. Kd5 Nc4 70. Bg3 Ne3+ 71. Ke5 Nc2 72. Kf4 Kf6 73. Bf2 Nxb4 74. Bd4+ Kf7 75. Kg5 Nc6 76. Bb2 g3 77. Bc1 g2 78. Be3 b4 79.
Kxh5 b3 80. Kg4 b2 81. Kf3 b1=Q 82. h5 Qxf5+ 0-1

[Event "*** SCC Grand Prix: Titled Tuesday Blitz"]
[Site "Chess.com"]
[Date "2020.09.08"]
[Round "7"]
[White "seorobert1971"]
[Black "kirillshevchenko"]
[Result "0-1"]
[WhiteElo "2690"]
[BlackElo "2860"]
[TimeControl "180+1"]
[EndTime "11:21:00 PDT"]
[Termination "kirillshevchenko won on time"]

1. c4 Nf6 2. Nc3 g6 3. g3 Bg7 4.
Bg2 d6 5. Nf3 O-O 6. d4 Nc6 7. O-O Bf5 8. d5 Na5 9. b3 c5 10. dxc6 bxc6 11. Bb2 Rb8 12. Qd2 c5 13. Nh4 Bd7 14. Rac1 Nc6 15. Nf3 Qa5 16. Rfd1 Rfe8 17.
h3 Red8 18. Re1 Bf5 19. Red1 Ne4 20. Nxe4 Qxd2 21. Rxd2 Bxe4 22. Bxg7 Kxg7 23. Rc3 Kf8 24. Re3 Bxf3 25. Bxf3 Rb6 26. Bxc6 Rxc6 27. Rc3 a5 28. a4 Rb8 29. Kf1 e6 30. Ke1 Ke7 31. Kd1 g5 32. Kc2 Rg8 33. g4 Rg6 34. Rdd3 h5 35.
Rg3 Rh6 36. f3 Rc8 37. Rg1 hxg4 38. hxg4 Rh2 39. Re3 Rch8 40. Rd1 R8h6 41. Rd2 e5 42. Red3 Rf6 43. Re3 Rhh6 44. Red3 Rf4 45. Re3 Re6 46. Kd3 Rd4+ 47. Kc3 Rf4 48. Kd3 e4+ 49. Rxe4 Rexe4 50. fxe4 Rxg4 51. Rd1 Rh4 52. Rg1 Kf6 53. Rf1+ Kg6 54. Rf5 Rh3+ 55. Kd2 Rxb3 56. Rd5 Rb6 57. e5 dxe5 58.
Rxc5 Rb4 59. Rxa5 Rxc4 60. Rxe5 Rxa4 61. Ke1 Rf4 62. Re3 g4 63. Re8 Kg5 64. e3 Rf6 65. Ke2 Kh4 66. Rg8 Kg3 67. Rg7 Rf3 68. e4 Kh3 69. e5 Rf5 70. Kd3 g3 71. Ke4 Rf1 72.
Rh7+ Kg2 73. Rg7 Kh2 74. Kd5 g2 75. Rh7+ Kg3 76. Rg7+ Kh2 77. Rh7+ Kg1 78. Rg7 Rf2 79. Kd6 Kf1 80. e6 fxe6 81. Kxe6 g1=Q 82. Rg2 Qxg2 0-1

[Event "*** SCC Grand Prix: Titled Tuesday Blitz"]
[Site "Chess.com"]
[Date "2020.09.08"]
[Round "7"]
[White "novocane"]
[Black "gumimis"]
[Result "1-0"]
[WhiteElo "2299"]
[BlackElo "2197"]
[TimeControl "180+1"]
[EndTime "11:21:01 PDT"]
[Termination "novocane won by checkmate"]

1. d4 Nf6 2. c4 g6 3. Nc3 Bg7 4. e4 O-O 5. f3 d6 6. Bg5 c5 7. d5 h6 8. Be3 e6 9. Qd2 exd5 10. cxd5 Kh7 11. h4 a6 12. h5 g5 13.
a4 Nbd7 14. Nh3 Ne5 15. Nf2 Bd7 16. Be2 Qa5 17. f4 gxf4 18. Bxf4 b5 19. O-O b4 20.
Ncd1 Rae8 21. Ne3 Qd8 22. Bxe5 Rxe5 23. Nc4 Rg5 24. Nxd6 Bh3 25. Nxh3 Rg3 26. Nf5 Rb3 27. Nxg7 Kxg7 28. Qf4 Rxb2 29. Bf3 c4 30. e5 Nxd5 31. Qd4 Qb6 32. Qxb6 Nxb6 33. a5 Nd7 34. Rfe1 c3 35.
Nf4 b3 36. e6 fxe6 37. Nxe6+ Kf6 38. Nxf8 Nxf8 39. Rac1 c2 40. Bd5 Nd7 41. Bxb3 Rxb3 42. Rxc2 Ne5 43. Rxe5 Kxe5 44. Rc6 Ra3 45. Rxa6 Kf5 46.
Rxh6 Rxa5 47. Rg6 Ra4 48. g4+ Kf4 49. h6 Kg3 50. Kf1 Kf3 51. Ke1 Ke3 52. Kd1 Kd3 53. Kc1 Kc3 54. Kb1 Rb4+ 55. Ka2 Ra4+ 56. Kb1 Rb4+ 57.
Kc1 Ra4 58. Rc6+ Kd3 59. h7 Ra8 60. Rh6 Rc8+ 61. Kb1 Rb8+ 62. Kc1 Rc8+ 63. Kd1 Rb8 64. Rd6+ Ke4 65. g5 Kf5 66. g6 Re8 67. g7 Re1+ 68. Kxe1 Ke5 69. Rg6 Kf5 70. Rg1 Kf4 71. g8=Q Ke3 72. Rg3+ Kd4 73. Qg4+ Kc5 74. h8=Q Kd6 75.
Qhh5 Ke7 76. Re3+ Kf6 77. Qgf5+ Kg7 78. Qhh7# 1-0

[Event "*** SCC Grand Prix: Titled Tuesday Blitz"]
[Site "Chess.com"]
[Date "2020.09.08"]
[Round "7"]
[White "Anton_Demchenko"]
[Black "MikaelyanArman"]
[Result "1-0"]
[WhiteElo "2868"]
[BlackElo "2753"]
[TimeControl "180+1"]
[EndTime "11:21:10 PDT"]
[Termination "Anton_Demchenko won on time"]

1. d4 d5 2. Nf3 Nf6 3. Bf4 e6 4. e3 c5 5. Nbd2 Bd6 6. dxc5 Bxc5 7. c4 O-O 8. cxd5 exd5 9. Bd3 Nc6 10. O-O h6 11. h3 Bb6 12. a3 d4 13. e4 Be6 14. Re1 Re8 15. Bh2 Nd7 16. Nc4 Bc7 17. Nd6 Bxd6 18. Bxd6 Qb6 19. b4 a5 20. Rb1 axb4 21. axb4 Ne7 22. Bg3 Ra3 23. Bf1 d3 24. Bxd3 Nf6 25. Bf1 Rd8 26. Qc1 Ra2 27. Qc5 Qxc5 28.
bxc5 Bc8 29. Bd6 Nc6 30. e5 Ne8 31. Bc4 Rc2 32. Rec1 Rxc1+ 33. Rxc1 Be6 34. Be2 f6 35. Rb1 Rd7 36. Bb5 Kf7 37. exf6 gxf6 38. Bf4 Bf5 39. Rb2 Rd1+ 40. Kh2 Be4 41. Be2 Rd7 42. Bxh6 Nc7 43. Bf4 Ne6 44. Bd6 Kg6 45. Bc4 Ng7 46. Nd2 Bf5 47. g4 Be6 48. Bd3+ Kf7 49. f4 Bd5 50. Ne4 Ne8 51. Kg3 Bxe4 52. Bxe4 Nxd6 53.
cxd6 Rxd6 54. Rxb7+ Ne7 55. h4 Rd4 56. Kf3 Ra4 57. g5 Ra3+ 58. Kg4 fxg5 59. hxg5 Ke6 60. Rb6+ Kf7 61. Rf6+ Kg7 62. Re6 Kf7 63. Rf6+ Kg7 64. Rb6 Kf7 65. Bf5 Ra4 66. Be6+ Kg7 67. Rb7 Kf8 68. Rb8+ Kg7 69. Re8 Ng6 70. Rg8+ Kh7 71. Rxg6 Rb4 72. Bf5 Rb5 73. Rh6+ Kg7 74. Rg6+ Kf7 75.
Re6 Kg7 76. Re5 Rb4 77. Re7+ Kf8 78. Re6 Kf7 79. Rf6+ Kg7 80. Rg6+ Kf7 81. Rh6 Kg7 82.
Rh7+ Kg8 83. Rd7 Kf8 84. g6 Kg8 85. Kg5 Rb6 86. Rd8+ Kg7 87. Rd7+ Kg8 88. Re7 Rb8 89.
Kf6 Rb6+ 90. Be6+ 1-0

[Event "*** SCC Grand Prix: Titled Tuesday Blitz"]
[Site "Chess.com"]
[Date "2020.09.08"]
[Round "7"]
[White "wadsy27"]
[Black "Vuk2000"]
[Result "1/2-1/2"]
[WhiteElo "2564"]
[BlackElo "2721"]
[TimeControl "180+1"]
[EndTime "11:21:53 PDT"]
[Termination "Game drawn - insufficient material"]

1. Nf3 Nf6 2. g3 d5 3. Bg2 e6 4. c4 Be7 5. O-O O-O 6. b3 d4 7. e3 c5 8. Bb2 Nc6 9. exd4 cxd4 10. Re1 Bc5 11. d3 Qd6 12. a3 a5 13. Nbd2 e5 14.
Ng5 Qc7 15. Nge4 Nxe4 16. Nxe4 Be7 17. Rc1 Be6 18. c5 Rad8 19. Nd2 Bd5 20. Nc4 Bxg2 21. Kxg2 Rd5 22. b4 axb4 23. axb4 Nxb4 24. Ba3 Nc6 25.
Nb6 Rdd8 26. Qb3 Rfe8 27. Rb1 Rb8 28. Rec1 Bf8 29. Kg1 e4 30. dxe4 Rxe4 31. Qf3 Re5 32. Re1 Rbe8 33. Rxe5 Rxe5 34. Nc4 Re8 35. Nd6 Bxd6 36.
cxd6 Qd7 37. Bc5 Re5 38. Qa3 h6 39. Qa8+ Re8 40. Qxb7 Qxb7 41. Rxb7 d3 42. Be3 Rd8 43. d7 Ne5 44. Bf4 Rxd7 45. Rxd7 Nxd7 46. Kf1 Nc5 47. Ke1 Nb3 48. Kd1 g5 49. Be5 g4 50. Bf4 Kg7 51.
Ke1 Kg6 52. f3 h5 53. fxg4 hxg4 54. Kf2 Kf5 55. Ke3 d2 56. Ke2 Ke4 57. Bg5 f5 58. Bf4 Nd4+ 59. Kxd2 Nf3+ 60. Ke2 Nxh2 61. Kf2 Nf3 62. Bb8 Kd3 63. Bc7 Kd2 64. Bb8 Nd4 65. Bc7 Nc6 66. Bf4+ Kd3 67. Bc7 Nb4 68. Bb8 Nd5 69. Bd6 Nc3 70. Bf4 Nd1+ 71. Ke1 Nb2 72. Kf2 Kc2 73. Bb8 Kd2 74. Bf4+ Kd3 75. Bc7 Ke4 76. Bb8 Nd3+ 77. Ke2 Nb4 78. Kf2 Nd5 79.
Bd6 Nf6 80. Ke2 Kd5 81. Bb8 Ne4 82. Ke3 Nc5 83. Kf4 Ke6 84. Ke3 Ne4 85. Bf4 Nf6 86.
Bb8 Nd7 87. Bc7 Kd5 88. Kf4 Ke6 89. Ke3 Nc5 90. Bb8 Na4 91. Kd4 Nb6 92. Ke3 Nd5+ 93.
Kd4 Ne7 94. Ke3 Kd5 95. Kf4 Kc6 96. Ke5 Kd7 97. Bd6 Nc6+ 98. Kxf5 Kxd6 99. Kxg4 Ne5+ 100. Kh5 Kd5 101. g4 Nxg4 1/2-1/2

[Event "*** SCC Grand Prix: Titled Tuesday Blitz"]
[Site "Chess.com"]
[Date "2020.09.08"]
[Round "7"]
[White "shnitez"]
[Black "Kislov_Oleg"]
[Result "1/2-1/2"]
[WhiteElo "2521"]
[BlackElo "2384"]
[TimeControl "180+1"]
[EndTime "11:22:07 PDT"]
[Termination "Game drawn by 50-move rule"]

1. c4 e5 2. g3 Nf6 3. Bg2 c6 4. d4 exd4 5. Qxd4 d5 6. cxd5 cxd5 7. Nf3 Nc6 8. Qd1 Bc5 9. O-O O-O 10. Nbd2 Bg4 11. Nb3 Bb6 12. h3 Bh5 13. e3 Ne4 14. Bd2 Qd6 15. Rc1 Rad8 16. Bc3 Nxc3 17. Rxc3 d4 18. Nbxd4 Nxd4 19. exd4 Bxf3 20. Qxf3 Bxd4 21.
Rc2 b6 22. Kh2 Bc5 23. a3 a5 24. Re1 Rfe8 25. Rce2 Rxe2 26. Rxe2 g6 27. h4 h5 28.
Qe4 Qf6 29. Bf3 Kg7 30. Kg2 Rd7 31. Qc4 Rd4 32. Qc3 Rd6 33. Qc2 Bd4 34. b4 axb4 35. axb4 Rd7 36. Qe4 Qd6 37. Rd2 Qxb4 38. Rd3 Qd6 39.
g4 hxg4 40. Qxg4 Qf6 41. h5 Rd6 42. hxg6 Qxg6 43. Qxg6+ Kxg6 44. Kf1 Kf6 45. Ke2 Ke5 46. Rb3 Bc5 47. Rd3 Bd4 48. Rb3 Rd7 49. Rb5+ Bc5 50. Rb3 Ra7 51. Rb2 Bd4 52. Rb5+ Bc5 53. Rb2 Kd4 54. Rd2+ Kc3 55. Rd3+ Kc4 56. Bd5+ Kb4 57.
Rb3+ Ka4 58. Rb2 Re7+ 59. Kd3 b5 60. Ra2+ Kb4 61. Rb2+ Ka5 62. Ra2+ Kb6 63. Rb2 Rd7 64. Ke4 f5+ 65. Ke5 f4 66. f3 Be3 67. Be4 Kc5 68. Rc2+ Kb4 69. Ke6 Rd4 70. Rb2+ Kc3 71. Rxb5 Kd2 72. Rd5 Kc3 73. Rc5+ Kd2 74. Rc6 Ke1 75. Kf5 Kf2 76. Kg4 Rd8 77. Rc2+ Ke1 78. Ra2 Rg8+ 79. Kf5 Rf8+ 80. Ke6 Re8+ 81. Kd5 Rd8+ 82.
Kc4 Rc8+ 83. Kb5 Rb8+ 84. Ka6 Rd8 85. Kb5 Rd4 86. Kc6 Bd2 87. Ra1+ Kf2 88. Ra2 Ke3 89. Kc5 Bb4+ 90. Kb5 Bd6 91. Rb2 Rd2 92. Rb3+ Kf2 93. Kc6 Be5 94. Rb5 Bd4 95. Rh5 Be3 96. Rh2+ Kg3 97.
Rh5 Rf2 98. Rg5+ Kh4 99. Rg8 Rd2 100. Kb5 Rd4 101. Kc6 Rc4+ 102. Kd5 Rc5+ 103. Ke6 Kh3 104. Rh8+ Kg2 105. Rg8+ Kf2 106. Kd6 Rc3 107. Ra8 Bc5+ 108. Ke5 Be3 109. Kf5 Rc5+ 110. Kg4 Rc1 111. Ra2+ Kg1 112. Kh3 Rc8 113. Bd3 Rh8+ 114. Kg4 Rg8+ 115. Kf5 Rf8+ 116. Ke5 Re8+ 117. Kf5 Rf8+ 118. Kg6 Rg8+ 119. Kf7 Rg2 120. Ra1+ Kh2 121. Be4 1/2-1/2